 Dungeon Crawl Stone Soup version 0.15.0-9-g1a96a59 (webtiles) character file.

22 zercules the Shield-Bearer (level 2, 0/29 HPs)
             Began as a Troll Fighter on Aug 31, 2014.
             Slain by mrpyro's ghost (2 damage)
             ... on Level 3 of the Dungeon.
             The game lasted 00:02:08 (277 turns).

zercules the Shield-Bearer (Troll Fighter)           Turns: 277, Time: 00:02:08

HP   0/29        AC  5     Str 28      XL: 2   Next: 68%
MP   1/1         EV  8     Int  4      God:
Gold 43          SH  9     Dex  9      Spells:  0 memorised,  1 level left

rFire  . . .     SeeInvis .       - Unarmed
rCold  . . .     Clarity  .     b - +0 robe
rNeg   . . .     rCorr    .     c - +0 shield
rPois  .         rRot     .     (helmet restricted)
rElec  .         Spirit   .     (no cloak)
SustAb .         Warding  .     (gloves unavailable)
rMut   .         Stasis   .     (boots unavailable)
Gourm  +                        (no amulet)
MR     .....                    (no ring)
                                (no ring)

@: mighty, not resistant to hostile enchantments, very unstealthy
A: unfitting armour, claws 3, fast metabolism 3, gourmand, regeneration 2,
saprovore 2, shaggy fur 1, tough skin 2
a: no special abilities


You were on level 3 of the Dungeon.
You were not hungry.

You visited 1 branch of the dungeon, and saw 3 of its levels.

You collected 43 gold pieces.


Innate Abilities, Weirdness & Mutations

You are too large for most types of armour.
You have claws for hands.
Your metabolism is lightning-fast.
You like to eat raw meat.
You heal very quickly.
You can eat rotten meat.
You are covered in fur (AC +1).
You have very tough skin (AC +2).


   Skills:
 - Level 2.4 Fighting
 - Level 2.4 Dodging
 + Level 2.9 Shields
 + Level 2.6 Unarmed Combat


You had one spell level left.
You didn't know any spells.

Dungeon Overview and Level Annotations

Branches:
Dungeon (3/15)

Altars:

Annotations:
D:3 mrpyro's ghost, average DrFi

Inventory:

Armour
 b - a +0 robe (worn)
 c - a +0 shield (worn)
Comestibles
 a - 3 meat rations
 g - a chunk of ball python flesh {@w1}
 i - 2 fruits
Scrolls
 d - 3 scrolls of identify {unknown}
 f - a scroll of amnesia {unknown}
 h - a scroll of fog {unknown}

..# #.# ##
#.##... ......
##..... #.....
#.... #######.W#
##.####.....#.@#
.........>.....#
##..###.....##.#
#..# ##.#.###.#
#..# #.#.# #.#
#..# #.#.. ..#
#..####.#..####
####....##.#...
#..........##.##


You could see mrpyro's ghost.


Message History

You now have 30 gold pieces (gained 16).
h - a scroll labeled JESEIFR KHOLL
Found 2 fruits.
You now have 43 gold pieces (gained 13).
Found a stone staircase leading down.
An ooze comes into view.
A rat comes into view.
The ooze hits you but does no damage.
You scratch the ooze.
The ooze is moderately wounded.
The rat bites you but does no damage. You block the ooze's attack.
You claw the ooze!
You kill the ooze!
The rat barely misses you.
You scratch the rat.
You kill the rat!
No target in view!
i - 2 fruits
There is a stone staircase leading down here.
An orc comes into view. It is wielding a flail.
The orc shouts!
Mrpyro's ghost (average Draconian Fighter) comes into view.
You hear the slow rusting of a drain nearby.
Your shield prevents you from hitting the orc.
The orc hits you with a flail.
You claw the orc!
The orc is almost dead.
The orc hits you with a flail!
You barely miss the orc.
The orc is almost dead.
The orc hits you with a flail.
You claw the orc!
You kill the orc!
You scratch mrpyro's ghost.
Mrpyro's ghost is lightly damaged.
You block mrpyro's ghost's attack.
Here: mrpyro's ghost (lightly damaged)
A flail.
There is something else lying underneath.
The floor, spattered with blood.
Unknown command.
Unknown command.
Unknown command.
Unknown command.
Drink which item? (? for menu, Esc to quit)
Okay, then.
Drink which item? (? for menu, Esc to quit)
You feel very mighty all of a sudden. Mrpyro's ghost hits you!
* * * LOW HITPOINT WARNING * * *
You barely miss mrpyro's ghost.
Mrpyro's ghost is lightly damaged.
Mrpyro's ghost barely misses you.
You aren't carrying any potions.
You claw mrpyro's ghost!
Mrpyro's ghost is heavily damaged.
Mrpyro's ghost hits you.
* * * LOW HITPOINT WARNING * * *
Unknown command.
You scratch mrpyro's ghost.
Mrpyro's ghost is heavily damaged.
Mrpyro's ghost hits you.
* * * LOW HITPOINT WARNING * * *
You aren't carrying any potions.
You claw mrpyro's ghost!
Mrpyro's ghost is almost destroyed.
Mrpyro's ghost hits you.
* * * LOW HITPOINT WARNING * * *
Mrpyro's ghost hits you.
You die...

Action                   || total
-------------------------++-------
Melee: Unarmed           ||    36
  Use: Potion            ||     1
  Eat: Chunk             ||     1

Vault maps used:
D:1:      elethiomel_arrival_infinity_welcomes_careful_drivers,
          kennysheep_nondescript
D:2:      uniq_iyjb
D:3:      lightli_sewer_entry_pipes

Notes
Turn   | Place    | Note
--------------------------------------------------------------
     0 | D:1      | zercules, the Troll Fighter, began the quest for the Orb.
     0 | D:1      | Reached XP level 1. HP: 22/22 MP: 1/1
   113 | D:2      | Reached XP level 2. HP: 26/29 MP: 1/1
   266 | D:3      | Noticed mrpyro's ghost (average DrFi)
   273 | D:3      | HP: 7/29 [mrpyro's ghost (12)]
   275 | D:3      | HP: 3/29 [mrpyro's ghost (5)]
   277 | D:3      | Slain by mrpyro's ghost

Vanquished Creatures
  An adder (D:2)
  An ooze (D:3)
  An orc (D:3)
  A ball python (D:2)
  2 giant cockroaches (D:1)
  A goblin (D:1)
  A hobgoblin (D:2)
  3 rats
11 creatures vanquished.
